 Dungeon Crawl Stone Soup version 0.26-a0-835-g8259106e14 (webtiles) character file.

Game seed: 14021830253109730627

520 strifetoe the Cudgeller (level 7, -9/41 HPs)
             Began as a Gargoyle Delver on Nov 17, 2020.
             Was a Follower of Zin.
             Killed by divine providence
             ... invoked by an orc priest
              (16 damage)
             ... on level 3 of the Dungeon.
             The game lasted 00:04:02 (3143 turns).

strifetoe the Cudgeller (Gargoyle Delver)           Turns: 3143, Time: 00:04:03

Health: -9/41      AC:  9    Str: 17    XL:     7   Next: 21%
Magic:  7/7        EV:  8    Int: 11    God:    Zin [*.....]
Gold:   95         SH:  7    Dex: 11    Spells: 6/6 levels left

rFire    + . .     SeeInvis .   j - +0 morningstar
rCold    . . .     Faith    .   m - +0 kite shield
rNeg     + . .     Spirit   .   i - +0 ring mail
rPois    ∞         Reflect  .   (no helmet)
rElec    +         Harm     .   (no cloak)
rCorr    .         Rampage  .   (no gloves)
MR       .....                  (no boots)
Stlth    ++........             (no amulet)
HPRegen  0.13/turn              s - ring of protection from fire
MPRegen  0.10/turn              (no ring)

@: no status effects
A: negative energy resistance 1, electricity resistance, unbreathing,
petrification resistance, rot immunity, AC +4
a: Recite, Donate Gold, Renounce Religion


You were on level 3 of the Dungeon.
You worshipped Zin.
Zin was aware of your devotion.
You visited 1 branch of the dungeon, and saw 6 of its levels.

You collected 105 gold pieces.
You donated 10 gold pieces to Zin.

Inventory:

Hand Weapons
 a - a +0 mace
 j - a +0 morningstar (weapon)
Armour
 b - a +0 leather armour
 i - a +0 ring mail (worn)
 m - a +0 kite shield (worn)
Jewellery
 s - a ring of protection from fire (left hand)
Wands
 g - a wand of digging (3)
 h - a wand of flame (6)
 v - a wand of disintegration (13)
Scrolls
 c - 2 scrolls of fog
 d - a scroll of magic mapping
 e - 2 scrolls of fear
 f - 3 scrolls of enchant weapon {unknown}
 k - a scroll of enchant armour {unknown}
 l - 2 scrolls of blinking {unknown}
 n - 4 scrolls of teleportation {unknown}
 q - a scroll of immolation {unknown}
 t - 2 scrolls of identify {unknown}
Potions
 o - a potion of resistance
 p - a potion of degeneration {unknown}
 r - a potion of brilliance {unknown}
 u - a potion of curing


   Skills:
 - Level 3.2 Fighting
 + Level 7.7 Maces & Flails
 - Level 1.5 Dodging
 - Level 5.4 Stealth


You had 6 spell levels left.
You didn't know any spells.
Your spell library was empty.

Dungeon Overview and Level Annotations

Branches:
Dungeon (6/15)
 Temple: D:4-7

Altars:
Qazlal
Zin

Annotations:
D:3 1 runed translucent door, Robin


Innate Abilities, Weirdness & Mutations

You are resistant to torment.
Your stone body is resilient. (AC +4)
You are immune to poison.
You resist negative energy. (rN+)
You are resistant to electric shocks. (rElec)
You can survive without breathing.
You are immune to petrification.
You are immune to rotting.


Message History

Beogh smites you!
* * * LOW HITPOINT WARNING * * *
You hit the orc priest but do no damage.
The orc priest barely misses you.
Your shield and ring mail prevent you from hitting the orc priest.
You block the orc priest's attack.
You hit the orc priest.
The orc priest is lightly wounded.
The orc priest hits you but does no damage.
Unknown command.
You hit the orc priest.
The orc priest is heavily wounded.
The orc priest mumbles some strange prayers to Beogh against you.
Pain shoots through your body!
* * * LOW HITPOINT WARNING * * *
You completely miss the orc priest.
The orc priest is heavily wounded.
The orc priest invokes the aid of Beogh against you.
Beogh smites you!
You die...

#.. #.# #.# #.# ####
#.# ...#
########.### ...#
#..†.......#
...######.######.#.#
........#.# #@#
#######+
...####.#.######o#
#....... ...#
#.#.#....#.#
#......[ ####
#.#.#.##.#.#
#.5..... #
#.#.#.##>#.#
#......[ #
#.#.#.##.#.#
#....... #
#.#.#.##.#.#
#.....)) #
#.#.#.##.#.# #.
#######.#.#.##.# #.


You could see an orc priest.

Vanquished Creatures
  Grinder (D:3)
  A howler monkey (D:6)
  A centaur skeleton (D:6)
  A hound (D:6)
  An orc priest (D:3)
  An orc wizard (D:3)
  2 worker ants
  2 adders
  An ooze (D:2)
  A worm (D:2)
  2 dart slugs
  2 leopard geckos (D:2)
  9 orcs
  3 bats
  A giant cockroach (D:2)
  7 goblins
  6 hobgoblins
  19 jackals
  A kobold (D:1)
  2 quokkas
  2 frilled lizards (D:1)
  2 leopard gecko skeletons (D:4)
  8 rats
76 creatures vanquished.

Vanquished Creatures (others)
  6 plants (D:6)
6 creatures vanquished.

Grand Total: 82 creatures vanquished

Notes
Turn   | Place    | Note
-------+----------+-------------------------------------------
     0 | D:5      | strifetoe the Gargoyle Delver began the quest for the Orb.
     0 | D:5      | Reached XP level 1. HP: 14/14 MP: 1/1
    26 | D:5      | Noticed a worker ant
    60 | D:5      | Noticed an iguana
    65 | D:5      | Noticed a scorpion
    96 | D:6      | Noticed a hound
   118 | D:6      | Killed a hound
   119 | D:6      | Reached skill level 3 in Maces & Flails
   119 | D:6      | Reached XP level 2. HP: 12/19 MP: 2/2
   119 | D:6      | Reached XP level 3. HP: 15/23 MP: 3/3
   305 | D:6      | Reached skill level 4 in Maces & Flails
   311 | D:6      | Noticed a sky beast
   312 | D:6      | Reached XP level 4. HP: 4/28 MP: 4/4
   581 | D:5      | Found a glowing silver altar of Zin.
   590 | D:5      | Became a worshipper of Zin the Law-Giver
   608 | D:3      | Noticed Robin
   764 | D:4      | Noticed a phantom
   803 | D:4      | Reached skill level 5 in Maces & Flails
   803 | D:4      | Reached XP level 5. HP: 26/32 MP: 5/5
   861 | D:4      | Found a glowing silver altar of Zin.
  1175 | D:1      | Reached * piety under Zin
  1905 | D:2      | Found a faded altar of an unknown god.
  2151 | D:2      | Reached skill level 6 in Maces & Flails
  2151 | D:2      | Reached XP level 6. HP: 33/37 MP: 6/6
  2263 | D:2      | Found a stormy altar of Qazlal.
  2335 | D:3      | Found a runed translucent door.
  2484 | D:3      | Noticed Grinder
  2492 | D:3      | Paralysed by Grinder for 5 turns
  2841 | D:3      | Paralysed by Grinder for 5 turns
  2848 | D:3      | Paralysed by Grinder for 7 turns
  2871 | D:3      | Killed Grinder
  2872 | D:3      | Reached skill level 7 in Maces & Flails
  2872 | D:3      | Reached XP level 7. HP: 24/41 MP: 7/7
  3143 | D:3      | Killed from afar by an orc priest

Illustrated notes

Levels and vault maps discovered:
D:1:      psy_arrival_fountain, layout_rooms, chequers_serial_rivers_micro_b
D:2:      layout_basic, marbit_many_paths, chequers_ecumenical_altar_island
D:3:      layout_basic, gammafunk_ghost_grave, uniq_grinder, uniq_robin
D:4:      layout_rooms, overflow_temple_1_default,
          gammafunk_temple_overflow_claw, temple_doors_e
D:5:      layout_loops_ring, basic_altar
D:6:      layout_cave_pools, serial_bayou_lagoon_a, corexii_leaking_fountain,
          xom_teletrap_fun, uniq_maggie

Skill      XL: |  1  2  3  4  5  6 |
---------------+-------------------+-----
Maces & Flails | 3 4 5 6 7 |  7.7
Fighting       | |  3.2
Dodging        | |  1.5
Stealth        | |  5.4

Action                   |  1- 3 |  4- 6 |  7- 9 || total
-------------------------+-------+-------+-------++-------
Melee: Mace              |    24 |    13 |       ||    37
       Morningstar       |       |   247 |    15 ||   262
Evoke: Wand              |     4 |     3 |       ||     7
  Use: Potion            |     1 |     3 |       ||     4
 Stab: Sleeping          |     1 |     5 |     2 ||     8
Armor: Leather armour    |    10 |    14 |       ||    24
       Ring mail         |       |   172 |     4 ||   176
       Skin              |       |     4 |       ||     4
Dodge: Dodged            |    16 |   150 |     2 ||   168
Block: Kite shield       |       |   103 |     4 ||   107

Table legend: (Time is in decaauts)
 A = Elapsed time spent in this place.
 B = Non-inter-level travel time spent in this place.
 C = Inter-level travel time spent in this place.
 D = Time resting spent in this place.
 E = Time spent auto-exploring this place.
 F = Levels seen in this place.
 G = Mean time per level.
                   A        B        C        D        E       F      G
               +--------+--------+--------+--------+--------+-----+--------+
         Total |   3214 |   3177 |     37 |    968 |   1328 |   6 |  535.7 |
       Dungeon |   3214 |   3177 |     37 |    968 |   1328 |   6 |  535.7 |
               +--------+--------+--------+--------+--------+-----+--------+

Top non-repeatable levels by time:
     D:2: 1163 daAuts
     D:3: 704 daAuts
     D:1: 461 daAuts
     D:5: 367 daAuts
     D:4: 300 daAuts
     D:6: 217 daAuts
